 Dungeon Crawl Stone Soup version 0.29.1-12-g30fa7ad0bf (webtiles) character file.

Game seed: 14353373224970043934

6207 Gabide the Anamnesiscian (level 11, -7/76 HPs)
             Began as a Human Monk on Jan 8, 2023.
             Was an Elder of Hepliaklqana.
             Mangled by a cane toad (18 damage)
             ... on level 1 of the Lair of Beasts.
             The game lasted 00:20:12 (12256 turns).

Gabide the Anamnesiscian (Human Monk)              Turns: 12256, Time: 00:20:13

Health: -7/76      AC: 11    Str: 15 (16) XL:     11   Next: 14%
Magic:  19/19      EV: 14    Int:  9 (10) God:    Hepliaklqana [****..]
Gold:   424        SH:  0    Dex: 16      Spells: 10/10 levels left

rFire   + . .      SeeInvis .   p - +2 halberd (pain)
rCold   . . .      Faith    .   (shield currently unavailable)
rNeg    + . .      Spirit   .   B - +3 ring mail
rPois   .          Reflect  .   j - +0 helmet
rElec   .          Harm     .   t - +0 cloak
rCorr   .          Rampage  .   C - +0 pair of gloves
Will    +....                   (no boots)
Stlth   +.........              (no amulet)
HPRegen 0.22/turn               i - ring of protection from fire
MPRegen 0.16/turn               m - ring of Biabb {Fly rN+ Will+}

@: mighty, flying
A: reduced essence
a: Renounce Religion, Recall Ancestor, Ancestor Identity, Transference, Idealise


You were on level 1 of the Lair of Beasts.
You worshipped Hepliaklqana.
Hepliaklqana was greatly pleased with you.
You visited 3 branches of the dungeon, and saw 10 of its levels.

You collected 424 gold pieces.

Inventory:

Hand Weapons
 p - a +2 halberd of pain (weapon)
Missiles
 y - 9 atropa-tipped darts (quivered)
 A - 2 throwing nets
 I - a curare-tipped dart
Armour
 e - +0 swamp dragon scales
 j - a +0 helmet (worn)
 t - a +0 cloak (worn)
 B - a +3 ring mail (worn)
 C - a +0 pair of gloves (worn)
Jewellery
 i - a ring of protection from fire (left hand)
 m - the ring of Biabb (right hand) {Fly rN+ Will+}
   (You found it on level 2 of the Dungeon)

   [ring of flight]

   rN:        It protects you from negative energy.
   Fly:       It grants you flight.
   Will:      It increases your willpower.
 u - a ring of protection from cold
 w - a ring of fire
Scrolls
 a - 2 scrolls of fear {unknown}
 b - 6 scrolls of teleportation
 c - a scroll of blinking {unknown}
 g - 2 scrolls of amnesia
 l - a scroll of butterflies
 q - a scroll of vulnerability {unknown}
 r - a scroll of noise {unknown}
 x - a scroll of immolation {unknown}
 D - a scroll of brand weapon {unknown}
 H - a scroll of poison {unknown}
 K - a scroll of enchant weapon {unknown}
Potions
 d - 2 potions of attraction
 f - a potion of haste {unknown}
 h - 2 potions of magic
 k - a potion of curing
 n - a potion of lignification {unknown}
 o - 2 potions of resistance
 s - 2 potions of mutation
 v - a potion of heal wounds {unknown}
 z - a potion of flight {unknown}
 E - a potion of cancellation {unknown}
 F - a potion of brilliance {unknown}
 G - 2 potions of degeneration


   Skills:
 + Level 7.7 Fighting
 + Level 7.7 Polearms
 - Level 2.0 Armour
 + Level 7.7 Dodging
 - Level 2.0 Stealth
 + Level 11.1 Invocations


You had 10 spell levels left.
You didn't know any spells.
Your spell library contained the following spells:

 Spells                   Type           Power      Damage    Failure   Level
 Confusing Touch          Hex            0%         N/A       93%         3
 Yara's Violent Unravell  Hex/Tmut       0%         3d3       100%        5
 Enfeeble                 Hex            0%         N/A       100%        7


Dungeon Overview and Level Annotations

Branches:
Dungeon (8/15)             Temple (1/1) D:4            Lair (1/5) D:8

Altars:
Cheibriados
Dithmenos
Elyvilon
Fedhas
Gozag
Hepliaklqana
Kikubaaqudgha
Makhleb
Nemelex Xobeh
Okawaru
Qazlal
Ru
Sif Muna
Trog
Uskayaw
Vehumet
Wu Jian
Xom
Yredelemnul
Zin
The Shining One

Annotations:
D:1 2 transporters


Message History

You are too injured to fight recklessly!
You are too injured to fight recklessly!
You are too injured to fight recklessly!
You are too injured to fight recklessly!
You are too injured to fight recklessly!
You are too injured to fight recklessly!
You are too injured to fight recklessly!
Unknown command.
You swap places.
The blink frog blinks!
Thabo blocks the cane toad's attack.
Thabo hits the cane toad with a +0 flail.
The cane toad stings Thabo!
The blink frog blinks!
Thabo hits the cane toad with a +0 flail!
Okay, then.
Reach: p) +2 halberd (pain)
Press: ? - help, Dir - move target, f - cane toad
Aim: a cane toad (almost dead, ally target, about 34% to evade your +2 halberd of pain)
You reach to attack!
You closely miss the cane toad.
The cane toad is almost dead.
Thabo blocks the cane toad's attack.
Thabo closely misses the cane toad.
The cane toad stings Thabo!
Thabo is destroyed!
There's nothing to close nearby.
You see here a +0 flail.
Okay, then.
You aren't carrying any items that you can evoke.
Okay, then.
You feel very mighty all of a sudden. The cane toad stings you!
* * * LOW HITPOINT WARNING * * *
You are poisoned.
The cane toad poisons you!
You hit the cane toad.
The cane toad is almost dead.
You feel very sick. The cane toad stings you!
* * * LOW HITPOINT WARNING * * *
You are more poisoned.
The cane toad poisons you!
You feel better. The cane toad stings you!!
You die...

#.#........###
#.............
#..........#.#
#.#..........#
+.#........##.
###........#
####.#.### .
#.### ../ #@#
....# ###F#
......###.#l###
......l...#...#
..$.#####.....#
. ####.......
..####.+ P.#
##.#


You could see a cane toad and a basilisk.

Vanquished Creatures
  Erica (D:8)
  An elephant (D:8)
  A cane toad (Lair:1)
  Maggie (D:6)
  Grinder (D:4)
  3 yaks (D:7)
  A basilisk (D:8)
  A wyvern (D:8)
  An ice beast (D:6)
  An ogre (D:6)
  A bullfrog (D:7)
  A necrophage (D:5)
  A scorpion (D:7)
  7 howler monkeys
  2 hounds
  3 jellies
  Crazy Yiuf (D:7)
  3 iguanas
  9 gnolls
  6 adders
  A white imp (D:6)
  2 ufetubi
  3 worms
  2 dart slugs (D:1)
  11 orcs
  6 bats
  7 endoplasms
  3 giant cockroaches
  6 goblins
  7 hobgoblins
  6 jackals (D:2)
  10 kobolds
  5 quokkas
  9 ball pythons
  2 frilled lizards
  5 rats
131 creatures vanquished.

Vanquished Creatures (collateral kills)
  The ghost of vvl the Ruffian, a novice TrFi (D:6)
  A cane toad (Lair:1)
  A komodo dragon (Lair:1)
  2 yaks (D:7)
  2 basilisks
  A black bear (D:7)
  A sky beast (D:6)
  A kobold brigand (D:8)
  A necrophage (D:5)
  A gnoll sergeant (D:8)
  3 howler monkeys
  A crimson imp (D:5)
  A hound (D:4)
  An orc priest (D:8)
  2 gnoll boudas
  5 iguanas
  8 orc wizards
  8 gnolls
  2 adders
  An ufetubus (D:5)
  A dart slug (D:4)
  10 orcs
  A hobgoblin (D:4)
  3 kobolds (D:8)
  2 quokkas (D:4)
61 creatures vanquished.

Vanquished Creatures (others)
  3 knights
  4 fungi (Lair:1)
  4 plants
11 creatures vanquished.

Grand Total: 203 creatures vanquished

Notes
Turn   | Place    | Note
-------+----------+-------------------------------------------
     0 | D:1      | Gabide the Human Monk began the quest for the Orb.
     0 | D:1      | Reached XP level 1. HP: 18/18 MP: 1/1
   156 | D:1      | Reached XP level 2. HP: 13/24 MP: 2/2
   628 | D:1      | Reached XP level 3. HP: 19/29 MP: 3/3
  1560 | D:2      | Reached XP level 4. HP: 35/35 MP: 4/4
  1834 | D:2      | Identified the ring of Biabb {Fly rN+ Will+}
  1894 | D:2      | Reached XP level 5. HP: 29/42 MP: 5/5
  2144 | D:2      | Found a snail-covered altar of Cheibriados.
  2220 | D:2      | Found a faded altar of an unknown god.
  2942 | D:3      | Found a stormy altar of Qazlal.
  3328 | D:3      | Reached skill level 1 in Armour
  3718 | D:3      | Found a shimmering blue altar of Sif Muna.
  4795 | D:4      | Noticed Grinder
  4798 | D:4      | Killed Grinder
  4799 | D:4      | Reached XP level 6. HP: 49/49 MP: 6/6
  4799 | D:4      | Reached XP level 7. HP: 55/55 MP: 7/7
  4830 | D:4      | Found a staircase to the Ecumenical Temple.
  4841 | Temple   | Entered the Ecumenical Temple
  4997 | Temple   | Became a worshipper of Hepliaklqana the Forgotten
  4997 | Temple   | Reached * piety under Hepliaklqana
  4997 | Temple   | Reached ** piety under Hepliaklqana
  4998 | Temple   | Remembered your ancestor Thabo as a knight
  5749 | D:4      | Reached skill level 5 in Fighting
  5749 | D:4      | Reached skill level 5 in Dodging
  6127 | D:5      | Entered Level 5 of the Dungeon
  6134 | D:5      | Reached skill level 5 in Polearms
  6145 | D:5      | Found an ornate altar of the Wu Jian Council.
  6445 | D:5      | Reached XP level 8. HP: 56/56 MP: 8/8
  6450 | D:5      | Found a sacrificial altar of Ru.
  6729 | D:5      | Found a burning altar of Makhleb.
  6729 | D:5      | Found a shimmering altar of Xom.
  7345 | D:5      | Found a glowing golden altar of the Shining One.
  7674 | D:6      | Noticed Maggie
  7703 | D:6      | Killed Maggie
  7704 | D:6      | Reached XP level 9. HP: 14/63 MP: 9/9
  8101 | D:6      | Found a runed translucent door.
  8193 | D:6      | Reached *** piety under Hepliaklqana
  8220 | D:6      | Identified the +6 great sword of Unreason {vamp, rElec
                  | rF++}
  8306 | D:6      | Noticed vvl's ghost (novice TrFi)
  8934 | D:6      | Killed vvl's ghost
  8935 | D:6      | Reached skill level 4 in Invocations
  8999 | D:7      | Reached skill level 5 in Invocations
  9238 | D:7      | Reached **** piety under Hepliaklqana
  9279 | D:7      | Reached skill level 6 in Invocations
  9552 | D:7      | Reached skill level 7 in Invocations
  9552 | D:7      | Reached XP level 10. HP: 61/71 MP: 15/15
  9958 | D:7      | Reached skill level 8 in Invocations
 10024 | D:7      | Found a runed translucent door.
 10025 | D:7      | Noticed Crazy Yiuf
 10250 | D:7      | Found an opulent altar of Gozag.
 10251 | D:7      | Found a glowing silver altar of Zin.
 10343 | D:7      | Reached skill level 9 in Invocations
 10431 | D:7      | Killed Crazy Yiuf
 11116 | D:8      | Reached skill level 10 in Invocations
 11152 | D:8      | Found a staircase to the Lair.
 11152 | D:8      | Noticed an elephant
 11179 | D:8      | Killed an elephant
 11364 | D:8      | Noticed Erica
 11372 | D:8      | Killed Erica
 11823 | Lair:1   | Entered Level 1 of the Lair of Beasts
 11827 | Lair:1   | Noticed a cane toad
 11839 | Lair:1   | Killed a cane toad
 11839 | Lair:1   | HP: 3/71 [poisoned by a cane toad]
 11840 | Lair:1   | Reached XP level 11. HP: 3/75 MP: 19/19
 12203 | Lair:1   | Reached skill level 11 in Invocations
 12256 | Lair:1   | Mangled by a cane toad

Illustrated notes

Levels and vault maps discovered:
D:1:      spicycebolla_arrival_transporter_tutorial, layout_loops_ring,
          corner_web_ring, nicolae_titane
D:2:      layout_basic, basic_altar, basic_ecumenical_altar,
          minmay_snake_closets
D:3:      minmay_wonky_spiral, layout_basic,
          mainiacjoe_overflow_small_starburst, grunt_qazlal_sundering
D:4:      layout_cave_pods, temple_green, minmay_stone_trees_small, uniq_grinder
D:5:      layout_basic, grunt_temple_overflow_champion_of_chaos,
          lemuel_round_altar, lemuel_doored_altar, mainiacjoe_overflow_paths
D:6:      layout_basic, ebering_ghost_reflecting_pool, uniq_maggie
D:7:      layout_loops_corners, grunt_temple_overflow_gold_and_silver,
          uniq_crazy_yiuf_cottage
D:8:      layout_loops_corners, david_lair_generic, grunt_decor_one_mirror,
          kennysheep_decorative_pillar, chequers_serial_rivers_small_b,
          uniq_erica
Temple:   chequers_temple_sunken
Lair:1:   layout_roguey, gammafunk_lair_bear_cave

Skill      XL: |  1  2  3  4  5  6  7  8  9 10 11 |
---------------+----------------------------------+-----
Fighting       | 4 5 6 7 |  7.7
Dodging        | 4 5 6 7 |  7.7
Polearms       | 4 5 6 7 |  7.7
Armour         | 2 |  2.0
Invocations    | 7 10 11 | 11.1
Stealth        | |  2.0

Action                   |  1- 3 |  4- 6 |  7- 9 | 10-12 || total
-------------------------+-------+-------+-------+-------++-------
Melee: Spear             |   143 |   228 |   207 |       ||   578
       Punch             |       |     1 |       |       ||     1
       Halberd           |       |       |    59 |   111 ||   170
Throw: Dart              |       |     2 |     4 |     3 ||     9
Invok: Ancestor Life: Kn |       |       |     1 |       ||     1
       Recall Ancestor   |       |       |       |     1 ||     1
       Transference      |       |       |       |     1 ||     1
Evoke: Wand              |       |     3 |     5 |       ||     8
  Use: Scroll            |       |     3 |     5 |     1 ||     9
       Potion            |       |       |     4 |     4 ||     8
 Stab: Sleeping          |     6 |     2 |     3 |     1 ||    12
       Distracted        |       |     1 |     2 |     3 ||     6
Armor: Robe              |     4 |       |       |       ||     4
       Ring mail         |    31 |    41 |    63 |    13 ||   148
Dodge: Dodged            |    60 |    97 |   113 |    41 ||   311
